[Event "Klatovy Open-B 2024"]
[Site "Klatovy"]
[Date "2024.07.02"]
[Round "4.9"]
[White "Lener, Jaroslav"]
[Black "Bukvaj, Martin"]
[Result "0-1"]
[ECO "A24"]
[WhiteElo "1870"]
[BlackElo "1687"]
[Annotator "NA COMBH RC"]
[PlyCount "106"]
[EventDate "2024.06.21"]
[EventType "swiss"]
[EventCountry "CZE"]
[SourceTitle "playchess.com"]
[Source "ChessBase"]
[SourceQuality "1"]
[TimeControl "40/7200:0"]

1. Nf3 Nf6 2. c4 g6 3. Nc3 Bg7 4. g3 O-O 5. Bg2 d6 6. d3 Nbd7 7. O-O e5 8. Bg5 {[%emt 0:00:00] A24: English Opening vs King's Indian: Lines without ...Nc6.} h6 9. Bd2 Re8 10. Ne1 a5 11. a3 c6 12. Rb1 Nf8 13. Nc2 Ne6 14. b4 axb4 15. axb4 Nd4 16. Qc1 Kh7 17. e3 Nxc2 18. Qxc2 d5 19. c5 d4 20. Na4 dxe3 21. fxe3 Bf5 22. Nb2 Qd7 23. Bc3 Bh3 24. Ra1 Bxg2 25. Kxg2 Nd5 26. Nc4 Rxa1 27. Rxa1 Qg4 28. e4 Nf4+ 29. Kg1 Nh3+ (29... Qe2 $17 30. Rc1 Nh3+ (30... Qxd3 $2 {too greedy.} 31. Qxd3 Nxd3 32. Rd1 $18) 31. Kh1 Qf3+ 32. Qg2 Nf2+ (32... Qxd3 33. Nd6 $11) 33. Kg1 Qxd3 (33... Qxg2+ $2 34. Kxg2 Ng4 35. h3 $18)) 30. Kf1 $2 (30. Kg2 $11 {and White is okay.}) 30... Qf3+ 31. Ke1 Qh1+ 32. Kd2 Qxh2+ 33. Kc1 Qxg3 34. Kb2 Nf2 35. Nd6 Nxd3+ 36. Kb3 Re7 37. Rf1 Nf4 38. Qd1 h5 39. Rg1 Qd3 40. Qa1 (40. Qxd3 $142 Nxd3 41. Ka4) 40... Ne2 $19 41. Rc1 Nxc1+ 42. Qxc1 Qg3 43. Qf1 Qf4 44. Qh3 h4 45. Qh1 Qg4 46. Qf1 f6 47. Bd2 h3 48. Qf2 Rd7 49. Be3 Kg8 50. Qa2 Qd1+ 51. Kc3+ Kh7 52. Qh2 Qf3 53. Qd2 {[%emt 0:00:00] Check Result:-#14} Bh6 0-1

[Event "Klatovy Open-B 2024"]
[Site "Klatovy"]
[Date "2024.07.02"]
[Round "4.10"]
[White "Masek, Jan"]
[Black "Stanke, Petr"]
[Result "1-0"]
[ECO "C06"]
[WhiteElo "1839"]
[BlackElo "1683"]
[Annotator "NA RC"]
[PlyCount "69"]
[EventDate "2024.06.21"]
[EventType "swiss"]
[EventCountry "CZE"]
[SourceTitle "playchess.com"]
[Source "ChessBase"]
[SourceQuality "1"]
[TimeControl "40/7200:0"]

1. e4 e6 2. d4 d5 3. Nd2 Nf6 4. e5 Nfd7 5. Bd3 c5 6. c3 Nc6 7. Ne2 cxd4 8. cxd4 Qb6 9. Nb3 a5 10. O-O a4 11. Nd2 Nxd4 12. Nxd4 Qxd4 13. Nf3 Qb6 14. Qc2 h6 15. h4 Be7 16. Bh7 Qc5 17. Qb1 Nf8 18. Bd3 b6 19. Be3 Qc7 20. Rc1 Bc5 21. b4 axb3 22. axb3 Rxa1 23. Qxa1 Qd8 24. Bxc5 bxc5 25. Rxc5 Nd7 26. Rc6 Nb8 27. Rd6 Qc7 28. Bb5+ Bd7 29. Bxd7+ Nxd7 30. Qa4 Ke7 31. Rc6 Qb8 32. Qa3+ Kd8 33. Ra6 Nb6 34. Qa5 Kc7 35. Qc5+ 1-0

[Event "Klatovy Open-B 2024"]
[Site "Klatovy"]
[Date "2024.07.02"]
[Round "4.11"]
[White "Sova, Zdenek"]
[Black "Stastny, Matej"]
[Result "1/2-1/2"]
[ECO "A85"]
[WhiteElo "1822"]
[BlackElo "1674"]
[Annotator "NA RC"]
[PlyCount "68"]
[EventDate "2024.06.21"]
[EventType "swiss"]
[EventCountry "CZE"]
[SourceTitle "playchess.com"]
[Source "ChessBase"]
[SourceQuality "1"]
[TimeControl "40/7200:0"]

1. Nf3 f5 2. d4 e6 3. c4 Nf6 4. Nc3 Bb4 5. Bd2 Bxc3 6. Bxc3 b6 7. g3 Bb7 8. Bg2 Ne4 9. Bb4 d6 10. O-O O-O 11. e3 Nd7 12. Rc1 Rb8 13. b3 Qe8 14. Ne1 Qg6 15. Nd3 Rfe8 16. c5 bxc5 17. dxc5 Ba6 18. Ba3 Ndxc5 19. Bxe4 fxe4 20. Nf4 Qf5 21. Re1 g5 22. Bxc5 gxf4 23. g4 Qg5 24. exf4 Qxf4 25. Bxa7 Rbc8 26. Be3 Qe5 27. Bd4 Qf4 28. Re3 Bd3 29. Rg3 Rf8 30. Be3 Qe5 31. Qd2 Rf6 32. a4 c5 33. Qa2 Qd5 34. Qb2 Rf7 1/2-1/2

[Event "Klatovy Open-B 2024"]
[Site "Klatovy"]
[Date "2024.07.02"]
[Round "4.12"]
[White "Mascak, Milan"]
[Black "Marko, Ondrej"]
[Result "1/2-1/2"]
[ECO "A01"]
[WhiteElo "1662"]
[BlackElo "1786"]
[Annotator "NA RC"]
[PlyCount "101"]
[EventDate "2024.06.21"]
[EventType "swiss"]
[EventCountry "CZE"]
[SourceTitle "playchess.com"]
[Source "ChessBase"]
[SourceQuality "1"]
[TimeControl "40/7200:0"]

1. b3 e5 2. Bb2 Nc6 3. e3 d5 4. Nf3 f6 5. c4 Be6 6. cxd5 Bxd5 7. Nc3 Bf7 8. Bb5 Nge7 9. Ba3 a6 10. Be2 b5 11. Bc5 Qd7 12. O-O O-O-O 13. a4 b4 14. Bxa6+ Kb8 15. Nb5 Nd5 16. Rc1 Nc3 17. dxc3 Qxd1 18. Rfxd1 Rxd1+ 19. Rxd1 Bxc5 20. cxb4 Nxb4 21. Rd7 Bxb3 22. Nxc7 Bb6 23. Ne6 Nxa6 24. Nxg7 Rd8 25. Rxd8+ Bxd8 26. Nd2 Bxa4 27. Ne6 Be7 28. Ne4 Bb3 29. Ng7 Nc5 30. Nd2 Bf7 31. Nf5 Bf8 32. h3 Kc7 33. Kh2 Nd3 34. Kg3 Be6 35. e4 Bxf5 36. exf5 Kc6 37. Ne4 Be7 38. Kh4 Kd5 39. f3 Ne1 40. Kg3 Kd4 41. Kf2 Nd3+ 42. Ke2 Nf4+ 43. Kf2 Nd5 44. g4 Nc3 45. Ng3 Kd3 46. h4 Bc5+ 47. Kg2 Ke3 48. g5 fxg5 49. hxg5 Nd5 50. Ne4 Bf8 51. Kg3 1/2-1/2

[Event "Klatovy Open-B 2024"]
[Site "Klatovy"]
[Date "2024.07.02"]
[Round "4.13"]
[White "Trejbal, Jindrich"]
[Black "Lickova, Anna"]
[Result "1/2-1/2"]
[ECO "C50"]
[WhiteElo "1953"]
[BlackElo "1725"]
[Annotator "NA RC"]
[PlyCount "37"]
[EventDate "2024.06.21"]
[EventType "swiss"]
[EventCountry "CZE"]
[SourceTitle "playchess.com"]
[Source "ChessBase"]
[SourceQuality "1"]
[TimeControl "40/7200:0"]

1. e4 e5 2. Nf3 Nc6 3. Bc4 Bc5 4. d3 d6 5. Nc3 h6 6. Na4 Bb6 7. a3 Nf6 8. h3 Be6 9. Bxe6 fxe6 10. Nxb6 axb6 11. Be3 O-O 12. O-O d5 13. exd5 exd5 14. Re1 e4 15. dxe4 Nxe4 16. Qd3 Nc5 17. Bxc5 bxc5 18. Rad1 d4 19. Qb3+ 1/2-1/2

[Event "Klatovy Open-B 2024"]
[Site "Klatovy"]
[Date "2024.07.02"]
[Round "4.14"]
[White "Cervenka, Jakub"]
[Black "Vavrousek, Petr"]
[Result "0-1"]
[ECO "C01"]
[WhiteElo "1638"]
[BlackElo "1710"]
[Annotator "NA RC"]
[PlyCount "110"]
[EventDate "2024.06.21"]
[EventType "swiss"]
[EventCountry "CZE"]
[SourceTitle "playchess.com"]
[Source "ChessBase"]
[SourceQuality "1"]
[TimeControl "40/7200:0"]

1. e4 e6 2. d4 d5 3. exd5 exd5 4. Bd3 Bd6 5. Nf3 Nf6 6. h3 O-O 7. O-O Nbd7 8. Bg5 c6 9. Nbd2 Qc7 10. Nb3 b6 11. c3 Bb7 12. Re1 Rae8 13. Qc2 h6 14. Be3 c5 15. Bf1 Ne4 16. Nbd2 Ndf6 17. Bd3 Re7 18. Re2 Rfe8 19. Bb5 Rc8 20. Bd3 Bf4 21. Bxf4 Qxf4 22. dxc5 bxc5 23. Bxe4 dxe4 24. Qa4 Qc7 25. Nh2 Bc6 26. Qc2 Qb7 27. Qb3 Qa8 28. Re3 Rd8 29. Ndf1 Rd3 30. Rxd3 exd3 31. Ne3 Nd5 32. Nhf1 Nf4 33. f3 Qe8 34. Nf5 Re2 35. Nd6 Rxg2+ 36. Kh1 Qd7 37. Qb8+ Kh7 38. Qc8 Qxc8 39. Nxc8 Bxf3 40. Ne3 Re2+ 41. Kg1 Rxe3 42. Kf2 Re2+ 43. Kxf3 g5 44. h4 Rxb2 45. hxg5 hxg5 46. Kg4 Kg6 47. Ne7+ Kf6 48. Ng8+ Kg7 49. Ne7 f6 50. Nf5+ Kg6 51. Ng3 d2 52. Rd1 Rxa2 53. Ne4 f5+ 54. Kf3 fxe4+ 55. Kxe4 Rc2 0-1

[Event "Klatovy Open-B 2024"]
[Site "Klatovy"]
[Date "2024.07.03"]
[Round "5.1"]
[White "Kaderabek, Jiri"]
[Black "Vojta, Radek"]
[Result "1/2-1/2"]
[ECO "B15"]
[WhiteElo "1984"]
[BlackElo "1693"]
[Annotator "NA RC"]
[PlyCount "29"]
[EventDate "2024.06.21"]
[EventType "swiss"]
[EventCountry "CZE"]
[SourceTitle "playchess.com"]
[Source "ChessBase"]
[SourceQuality "1"]
[TimeControl "40/7200:0"]

1. e4 c6 2. d4 d5 3. Nc3 dxe4 4. Nxe4 Nf6 5. Nxf6+ exf6 6. Nf3 Bd6 7. Be3 O-O 8. Qd2 Re8 9. O-O-O Be6 10. c4 Nd7 11. h3 Qc7 12. Kb1 Reb8 13. g4 Rd8 14. Be2 Nf8 15. Qc1 1/2-1/2

[Event "Klatovy Open-B 2024"]
[Site "Klatovy"]
[Date "2024.07.03"]
[Round "5.2"]
[White "Janouskova, Eliska"]
[Black "Slansky, Jachym"]
[Result "0-1"]
[ECO "B50"]
[WhiteElo "1670"]
[BlackElo "1665"]
[Annotator "NA RC"]
[PlyCount "64"]
[EventDate "2024.06.21"]
[EventType "swiss"]
[EventCountry "CZE"]
[SourceTitle "playchess.com"]
[Source "ChessBase"]
[SourceQuality "1"]
[TimeControl "40/7200:0"]

1. e4 c5 2. Nf3 d6 3. b3 Nf6 4. d3 e5 5. Bb2 Be7 6. g3 O-O 7. Bg2 Bd7 8. c4 Bc6 9. Nc3 Nbd7 10. O-O a6 11. Qe2 b5 12. Nh4 b4 13. Nd1 Qb6 14. Nf5 Rfe8 15. Nde3 Bf8 16. f4 a5 17. Nh4 a4 18. f5 Ra7 19. g4 h6 20. Nf3 Rea8 21. h4 axb3 22. axb3 Rxa1 23. Bxa1 Ra3 24. g5 Nh5 25. Qd1 Ra2 26. Nd2 Nf4 27. gxh6 gxh6 28. Qg4+ Bg7 29. Nf3 Qa6 30. Nd5 Bxd5 31. exd5 Nf6 32. Qg3 Ne2+ 0-1

[Event "Klatovy Open-B 2024"]
[Site "Klatovy"]
[Date "2024.07.03"]
[Round "5.3"]
[White "Koper, Stefan"]
[Black "Brychta, David"]
[Result "1/2-1/2"]
[ECO "D00"]
[WhiteElo "1845"]
[BlackElo "2124"]
[Annotator "NA RC"]
[PlyCount "115"]
[EventDate "2024.06.21"]
[EventType "swiss"]
[EventCountry "CZE"]
[SourceTitle "playchess.com"]
[Source "ChessBase"]
[SourceQuality "1"]
[TimeControl "40/7200:0"]

1. d4 Nf6 2. Nc3 d5 3. Bf4 e6 4. e3 c5 5. Bb5+ Bd7 6. Bxd7+ Qxd7 7. Nf3 Nc6 8. a3 cxd4 9. exd4 Be7 10. O-O O-O 11. h3 a6 12. Re1 b5 13. Ne5 Qb7 14. Nxc6 Qxc6 15. Bg5 Qb7 16. Bxf6 Bxf6 17. Ne2 Rfc8 18. c3 a5 19. Qb3 Be7 20. Nf4 Bd6 21. Nd3 Rc4 22. f4 Qc7 23. Rf1 Rb8 24. Rac1 Qe7 25. Rce1 Qh4 26. Ne5 Bxe5 27. fxe5 Qg3 28. Rd1 Qg6 29. Rf3 h5 30. Rdf1 Rb7 31. Qd1 b4 32. axb4 axb4 33. Qa4 bxc3 34. Qa8+ Kh7 35. Qxb7 cxb2 36. Qxb2 Rc2 37. Qxc2 Qxc2 38. Rxf7 Kg6 39. Re7 Qd2 40. Rxe6+ Kg5 41. Rf7 Qxd4+ 42. Kh2 g6 43. Rff6 Qe4 44. Rxg6+ Qxg6 45. Rxg6+ Kxg6 46. Kg3 Kf5 47. e6 Kxe6 48. Kf4 h4 49. g3 hxg3 50. Kxg3 Kf5 51. Kf3 d4 52. Ke2 Kg5 53. Kd3 Kh4 54. Kd2 Kxh3 55. Kd3 Kg3 56. Ke4 Kf2 57. Kd3 Kf3 58. Kxd4 1/2-1/2

[Event "Klatovy Open-B 2024"]
[Site "Klatovy"]
[Date "2024.07.03"]
[Round "5.4"]
[White "Svejdar, Petr"]
[Black "Masek, Jan"]
[Result "0-1"]
[ECO "A85"]
[WhiteElo "1695"]
[BlackElo "1839"]
[Annotator "NA RC"]
[PlyCount "120"]
[EventDate "2024.06.21"]
[EventType "swiss"]
[EventCountry "CZE"]
[SourceTitle "playchess.com"]
[Source "ChessBase"]
[SourceQuality "1"]
[TimeControl "40/7200:0"]

1. d4 f5 2. Nf3 b6 3. e3 Nf6 4. c4 e6 5. Nc3 Bb7 6. Bd3 a5 7. a3 Be7 8. O-O O-O 9. Re1 Ne4 10. Ne2 Qe8 11. Ng3 d6 12. Nd2 Nxd2 13. Bxd2 Nd7 14. Bc3 Nf6 15. d5 g6 16. dxe6 Bd8 17. Ne2 Qxe6 18. Nf4 Qf7 19. h3 Ne4 20. Bxe4 fxe4 21. Qd4 Bf6 22. Qxf6 Qxf6 23. Bxf6 Rxf6 24. Nd5 Rf7 25. a4 Raf8 26. Re2 Rb8 27. Rd1 g5 28. Rd4 Re8 29. b3 Kf8 30. Rc2 Re5 31. Nc3 Ke7 32. Rcd2 Ke6 33. Rd1 Kd7 34. g3 h5 35. Nb5 Ref5 36. R4d2 R5f6 37. Nc3 Ke8 38. Rf1 Kf8 39. Rd4 Re6 40. Rfd1 Kg7 41. R4d2 Ref6 42. Rf1 Kg6 43. Rd4 Rf3 44. Nxe4 Bxe4 45. Rxe4 h4 46. Rg4 Kh5 47. Kg2 R3f5 48. gxh4 gxh4 49. Kh2 Rxf2+ 50. Rxf2 Rxf2+ 51. Kg1 Rf3 52. Re4 Rxh3 53. Kg2 Rg3+ 54. Kh2 Kg5 55. Re8 Kf5 56. Rf8+ Ke4 57. Rf4+ Ke5 58. Rxh4 Rxe3 59. Rh5+ Kd4 60. Rb5 Re5 0-1

[Event "Klatovy Open-B 2024"]
[Site "Klatovy"]
[Date "2024.07.03"]
[Round "5.5"]
[White "Chmelik, Ladislav"]
[Black "Kroulik, Stepan"]
[Result "1-0"]
[ECO "B43"]
[WhiteElo "1795"]
[BlackElo "1688"]
[Annotator "NA RC"]
[PlyCount "79"]
[EventDate "2024.06.21"]
[EventType "swiss"]
[EventCountry "CZE"]
[SourceTitle "playchess.com"]
[Source "ChessBase"]
[SourceQuality "1"]
[TimeControl "40/7200:0"]

1. e4 c5 2. Nf3 e6 3. d4 cxd4 4. Nxd4 a6 5. Nc3 Qc7 6. Bd3 Nf6 7. O-O Be7 8. a3 O-O 9. Re1 Nc6 10. Nxc6 dxc6 11. Be3 c5 12. Qf3 Bd7 13. e5 Bc6 14. Qg3 Ne8 15. Bg5 Rd8 16. Qh4 Rxd3 17. cxd3 Bxg5 18. Qxg5 Qb6 19. Rab1 f6 20. exf6 Rxf6 21. Ne4 Bxe4 22. Rxe4 Nd6 23. Re2 Nb5 24. Ree1 Qc6 25. f3 Nd4 26. Rf1 h6 27. Qe3 Rf5 28. b4 Nc2 29. Qe4 Qc8 30. bxc5 Rxc5 31. Qxb7 Nxa3 32. Qxc8+ Rxc8 33. Rb6 Rd8 34. Rd1 a5 35. Rxe6 Nc4 36. Re4 Nb2 37. Rd2 Rb8 38. Ree2 Na4 39. Re5 Nb2 40. Rxa5 1-0

[Event "Klatovy Open-B 2024"]
[Site "Klatovy"]
[Date "2024.07.03"]
[Round "5.6"]
[White "Bukvaj, Martin"]
[Black "Beran, Jakub"]
[Result "0-1"]
[ECO "D02"]
[WhiteElo "1687"]
[BlackElo "1791"]
[Annotator "NA RC"]
[PlyCount "70"]
[EventDate "2024.06.21"]
[EventType "swiss"]
[EventCountry "CZE"]
[SourceTitle "playchess.com"]
[Source "ChessBase"]
[SourceQuality "1"]
[TimeControl "40/7200:0"]

1. d4 d5 2. Nf3 Nf6 3. g3 Bf5 4. Bg2 e6 5. O-O c5 6. c4 dxc4 7. Qa4+ Nc6 8. Ne5 Be4 9. Nxc6 Qd7 10. Nd2 Bxg2 11. Kxg2 cxd4 12. Nf3 bxc6 13. Qxc4 c5 14. Rd1 Bd6 15. b4 Qa4 16. Bb2 O-O 17. e3 e5 18. exd4 cxd4 19. a3 Rac8 20. Qe2 Rc2 21. Rd2 Rfc8 22. Ne1 Rxd2 23. Qxd2 Qb3 24. Rc1 Rxc1 25. Bxc1 Qd5+ 26. Kg1 e4 27. Nc2 Be5 28. Ne1 h6 29. Ng2 Qc4 30. Bb2 Nd5 31. h4 Nb6 32. Nf4 Qa2 33. Bc1 Qxd2 34. Bxd2 Nc4 35. Bc1 d3 0-1

[Event "Klatovy Open-B 2024"]
[Site "Klatovy"]
[Date "2024.07.03"]
[Round "5.7"]
[White "Koupil, Stepan"]
[Black "Svejdar, Pavel"]
[Result "1/2-1/2"]
[ECO "C01"]
[WhiteElo "1685"]
[BlackElo "1721"]
[Annotator "NA RC"]
[PlyCount "85"]
[EventDate "2024.06.21"]
[EventType "swiss"]
[EventCountry "CZE"]
[SourceTitle "playchess.com"]
[Source "ChessBase"]
[SourceQuality "1"]
[TimeControl "40/7200:0"]

1. e4 e6 2. d4 d5 3. exd5 exd5 4. Bd3 Bd6 5. h3 h6 6. Nf3 Nf6 7. O-O O-O 8. Nbd2 Nc6 9. Re1 Nb4 10. Ne5 Nxd3 11. Nxd3 Bf5 12. Nf1 Ne4 13. Bf4 Be7 14. Ng3 Nxg3 15. Bxg3 Bf6 16. c3 c6 17. Nc5 Qc8 18. Qd2 b6 19. Nd3 Be4 20. f3 Bf5 21. Bd6 Rd8 22. Be7 Bxe7 23. Rxe7 Be6 24. Qf4 Rd7 25. Rxd7 Qxd7 26. Ne5 Qc7 27. Kf2 a5 28. Re1 Re8 29. g4 c5 30. Rg1 f6 31. Nd3 Qxf4 32. Nxf4 Kf7 33. Re1 g5 34. Ng2 cxd4 35. cxd4 Rc8 36. Ne3 b5 37. Ke2 Ke7 38. Kd3 Kd6 39. Nf5+ Bxf5+ 40. gxf5 Kd7 41. b3 b4 42. Rf1 Ra8 43. Rc1 1/2-1/2

[Event "Klatovy Open-B 2024"]
[Site "Klatovy"]
[Date "2024.07.03"]
[Round "5.9"]
[White "Bukvaj, Jan"]
[Black "Martinek, Lukas"]
[Result "1-0"]
[ECO "E86"]
[WhiteElo "1652"]
[BlackElo "1698"]
[Annotator "NA RC"]
[PlyCount "87"]
[EventDate "2024.06.21"]
[EventType "swiss"]
[EventCountry "CZE"]
[SourceTitle "playchess.com"]
[Source "ChessBase"]
[SourceQuality "1"]
[TimeControl "40/7200:0"]

1. c4 Nf6 2. Nc3 d6 3. d4 g6 4. e4 Bg7 5. f3 O-O 6. Be3 c6 7. Nge2 Nbd7 8. Qd2 e5 9. O-O-O Qa5 10. Kb1 b5 11. cxb5 cxb5 12. Nc1 b4 13. Nb5 Rd8 14. Nb3 Qa4 15. Nxd6 Ba6 16. Nc5 Nxc5 17. dxc5 Bxf1 18. Rhxf1 Ne8 19. Qd5 Nxd6 20. cxd6 a5 21. Bb6 Rf8 22. d7 Bf6 23. d8=Q Bxd8 24. Qxa8 Bxb6 25. Qd5 Bd4 26. Qb3 Qb5 27. a4 Qe2 28. Qc2 Qe3 29. Rde1 Qf4 30. g3 Qf6 31. f4 Qe6 32. Rf3 Rc8 33. Qb3 Qh3 34. fxe5 Qxh2 35. Qxf7+ Kh8 36. Qf6+ Kg8 37. Qe6+ Kg7 38. Qd7+ Kh6 39. Qxd4 Qc2+ 40. Ka1 Qxa4+ 41. Ra3 Qb5 42. Rh1+ Kg7 43. e6+ Kg8 44. Qd7 1-0

[Event "Klatovy Open-B 2024"]
[Site "Klatovy"]
[Date "2024.07.03"]
[Round "5.10"]
[White "Kusova, Nikola"]
[Black "Babicky, Jan"]
[Result "1-0"]
[ECO "C15"]
[WhiteElo "1696"]
[BlackElo "1542"]
[Annotator "NA RC"]
[PlyCount "57"]
[EventDate "2024.06.21"]
[EventType "swiss"]
[EventCountry "CZE"]
[SourceTitle "playchess.com"]
[Source "ChessBase"]
[SourceQuality "1"]
[TimeControl "40/7200:0"]

1. e4 e6 2. d4 d5 3. Nc3 Bb4 4. Nge2 dxe4 5. a3 Bxc3+ 6. Nxc3 Nf6 7. Bg5 O-O 8. Nxe4 Nbd7 9. Bd3 c6 10. O-O h6 11. Bh4 g5 12. Nxf6+ Nxf6 13. Bg3 Qe7 14. f4 Nh7 15. Qh5 Qf6 16. c3 Qg7 17. Bxh7+ Kxh7 18. fxg5 Qxg5 19. Rxf7+ Rxf7 20. Qxf7+ Qg7 21. Qxg7+ Kxg7 22. Rf1 Bd7 23. Be5+ Kg6 24. Rf6+ Kg5 25. Rf7 Bc8 26. Rg7+ Kf5 27. Kf2 b6 28. Ke3 Ba6 29. g4# 1-0

[Event "Klatovy Open-B 2024"]
[Site "Klatovy"]
[Date "2024.07.03"]
[Round "5.11"]
[White "Mojzisova, Barbora"]
[Black "Sova, Zdenek"]
[Result "1/2-1/2"]
[ECO "B84"]
[WhiteElo "1535"]
[BlackElo "1822"]
[Annotator "NA RC"]
[PlyCount "46"]
[EventDate "2024.06.21"]
[EventType "swiss"]
[EventCountry "CZE"]
[SourceTitle "playchess.com"]
[Source "ChessBase"]
[SourceQuality "1"]
[TimeControl "40/7200:0"]

1. e4 c5 2. Nf3 e6 3. d4 cxd4 4. Nxd4 a6 5. Nc3 Qc7 6. Be2 Nf6 7. Be3 d6 8. O-O Be7 9. Kh1 O-O 10. f3 Bd7 11. Qe1 Nc6 12. Qf2 Ne5 13. Nb3 Bd8 14. Rfd1 b5 15. Bd3 Bc6 16. a3 Rc8 17. Rac1 Bb7 18. h3 Ned7 19. Be2 Be7 20. Bf4 e5 21. Be3 h6 22. Bf1 Nc5 23. Be2 Ncd7 1/2-1/2

[Event "Klatovy Open-B 2024"]
[Site "Klatovy"]
[Date "2024.07.03"]
[Round "5.12"]
[White "Stastny, Matej"]
[Black "Rezac, Jindrich"]
[Result "1-0"]
[ECO "B01"]
[WhiteElo "1674"]
[BlackElo "1875"]
[Annotator "NA RC"]
[PlyCount "57"]
[EventDate "2024.06.21"]
[EventType "swiss"]
[EventCountry "CZE"]
[SourceTitle "playchess.com"]
[Source "ChessBase"]
[SourceQuality "1"]
[TimeControl "40/7200:0"]

1. e4 d5 2. exd5 Qxd5 3. Nc3 Qa5 4. d4 Nf6 5. Nf3 c6 6. Bd2 Qc7 7. Bc4 Bf5 8. Nh4 Bg4 9. f3 Bh5 10. g4 Bg6 11. Nxg6 hxg6 12. Qe2 e6 13. O-O-O Nbd7 14. g5 Ng8 15. d5 e5 16. dxc6 bxc6 17. f4 f6 18. fxe5 Nxe5 19. Bf4 Bd6 20. Qe4 O-O-O 21. Bxe5 Bxe5 22. Ba6+ Kb8 23. Qb4+ Qb6 24. Rxd8+ Kc7 25. Rc8+ Kd7 26. Rd1+ Ke6 27. Re8+ Kf5 28. Bc8+ Kxg5 29. Qg4+ 1-0

[Event "Klatovy Open-B 2024"]
[Site "Klatovy"]
[Date "2024.07.03"]
[Round "5.13"]
[White "Jelinek, Jan"]
[Black "Rudlof, Jan"]
[Result "0-1"]
[ECO "B18"]
[WhiteElo "1662"]
[BlackElo "1799"]
[Annotator "NA RC"]
[PlyCount "142"]
[EventDate "2024.06.21"]
[EventType "swiss"]
[EventCountry "CZE"]
[SourceTitle "playchess.com"]
[Source "ChessBase"]
[SourceQuality "1"]
[TimeControl "40/7200:0"]

1. e4 c6 2. Nc3 d5 3. d4 dxe4 4. Nxe4 Bf5 5. Ng3 Bg6 6. Nf3 Nd7 7. Bc4 e6 8. O-O Ngf6 9. Qe2 Be7 10. c3 O-O 11. Bg5 Nd5 12. Bxe7 Qxe7 13. Bxd5 cxd5 14. Qe3 b5 15. Ng5 h6 16. Nh3 Rfe8 17. Rae1 Qd6 18. f4 f5 19. Qf3 b4 20. Nh5 bxc3 21. bxc3 Rab8 22. Nf2 Bxh5 23. Qxh5 Qxf4 24. h3 Qg5 25. Qf3 Rb6 26. Re2 Rc6 27. Re3 Rec8 28. Rfe1 Nf6 29. Kh2 Ne4 30. Nd1 h5 31. g3 Rb8 32. Rg1 Rbc8 33. Rg2 Kh7 34. g4 hxg4 35. hxg4 Rh8 36. gxf5 Kg8+ 37. Kg1 Qxf5 38. Qxf5 exf5 39. Rf3 Rh5 40. Kf1 Kf7 41. Ke2 Kf6 42. Kd3 g5 43. Kc2 Ra6 44. Kb3 Rb6+ 45. Ka4 f4 46. Nf2 Nxf2 47. Rgxf2 Kf5 48. c4 dxc4 49. Re2 Rh7 50. Rc3 Rhb7 51. Re5+ Kg4 52. Ka5 Rc6 53. Re1 a6 54. Rd1 Rb5+ 55. Ka4 Rd5 56. Rd2 Kf5 57. Kb4 g4 58. Rxc4 Rb6+ 59. Ka4 Rbb5 60. Rdc2 Ra5+ 61. Kb3 Rdb5+ 62. Kc3 g3 63. a4 Rd5 64. Kd3 Kg4 65. Ke4 f3 66. Rc8 g2 67. Rg8+ Rg5 68. Rxg5+ Rxg5 69. d5 g1=Q 70. Rc4 Kg3 71. d6 Qe1+ 0-1

[Event "Klatovy Open-B 2024"]
[Site "Klatovy"]
[Date "2024.07.03"]
[Round "5.14"]
[White "Marko, Ondrej"]
[Black "Kasik, Denis"]
[Result "0-1"]
[ECO "D05"]
[WhiteElo "1786"]
[BlackElo "1596"]
[Annotator "NA RC"]
[PlyCount "78"]
[EventDate "2024.06.21"]
[EventType "swiss"]
[EventCountry "CZE"]
[SourceTitle "playchess.com"]
[Source "ChessBase"]
[SourceQuality "1"]
[TimeControl "40/7200:0"]

1. d4 d5 2. Nf3 Nf6 3. e3 e6 4. Bd3 Bd6 5. Nbd2 O-O 6. O-O Nbd7 7. Re1 c5 8. c3 h6 9. e4 dxe4 10. Nxe4 Nxe4 11. Bxe4 Nf6 12. Bc2 b6 13. Ne5 Bb7 14. f4 Qc7 15. Re3 cxd4 16. cxd4 Rac8 17. Rc3 Qb8 18. Rg3 Qc7 19. Bd3 Be4 20. Bxe4 Nxe4 21. Re3 Nf6 22. Qf3 Qc2 23. g4 Nd5 24. Rd3 Rc7 25. Rd2 Qa4 26. b3 Qb4 27. Nc4 Bxf4 28. Ba3 Qb5 29. Bxf8 Bxd2 30. Nxd2 Kxf8 31. Rf1 Qb4 32. Qf2 Nf6 33. Qf4 Nd5 34. Qf2 Qc3 35. Nc4 b5 36. Nd6 Qe3 37. Nxb5 Rc2 38. Qxe3 Nxe3 39. Rf2 Rc1+ 0-1